 Dungeon Crawl Stone Soup version 0.31-a0-182-gc5ef74bbde (webtiles) character file.

Game seed: 2048032508095299309

133 ketsa the Digger (level 4, -2/24 HPs)
             Began as a Vampire Earth Elementalist on June 20, 2023.
             Slain by a gnoll
             ... wielding a +0 flail
              (8 damage)
             ... on level 3 of the Dungeon.
             The game lasted 00:09:18 (2330 turns).

ketsa the Digger (Vampire Earth Elementalist)       Turns: 2330, Time: 00:09:19

Health: -2/24      AC:  3    Str:  7    XL:     4   Next: 93%
Magic:  8/8        EV: 12    Int: 19    God:
Gold:   77         SH:  0    Dex: 14    Spells: 6/9 levels left

rFire   . .          .
                       - Unarmed
rCold   + + .        (no shield)
rNeg    + + +        a - +0 robe
rPois   ∞            (no helmet)
rElec   .            e - +0 cloak
rCorr   .            (no gloves)
SInv    +            (no boots)
Will    .....        h - amulet of magic regeneration
Stlth   ++++         (no ring)
HPRegen 0.00/turn    (no ring)
MPRegen 0.51/turn

%: no passive effects
@: bloodless, inhibited regen
A: bloodless, fangs 3, see invisible, vampiric 2
a: Bat Form, Revivify


You were on level 3 of the Dungeon.
You visited 1 branch of the dungeon, and saw 3 of its levels.

You collected 77 gold pieces.

Inventory:

Hand Weapons
 d - a +0 sling
Missiles
 c - 51 stones (quivered)
 j - 11 poisoned darts
Armour
 a - a +0 robe (worn)
 e - a +0 cloak (worn)
Jewellery
 h - an amulet of magic regeneration (around neck)
 l - a ring of wizardry
Wands
 n - a wand of polymorph (2)
Scrolls
 k - 2 scrolls of identify
 m - a scroll of revelation {unknown}
 o - a scroll of enchant armour {unknown}
Potions
 b - a potion of magic
 f - 2 potions of brilliance {unknown}
 g - a potion of curing
 i - 5 potions of heal wounds {unknown}


   Skills:
 - Level 2.1 Dodging
 - Level 3.0 Stealth
 + Level 2.0 Unarmed Combat
 + Level 3.0 Spellcasting
 + Level 0.0 Conjurations
 + Level 2.6 Transmutations
 + Level 3.8 Earth Magic


You had 6 spell levels left.
You knew the following spells:

 Your Spells              Type           Power      Damage    Failure   Level
a - Sandblast             Erth           34%        2d9       3%          1
b - Passwall              Tmut/Erth      12%        N/A       6%          2

Your spell library contained the following spells:

 Spells                   Type           Power      Damage    Failure   Level
 Stone Arrow              Conj/Erth      20%        3d8       21%         3
 Petrify                  Tmut/Erth      15%        N/A       36%         4


Dungeon Overview and Level Annotations

Branches:
Dungeon (3/15)

Altars:
Kikubaaqudgha

Shops:
D:3 *=[


Innate Abilities, Weirdness & Mutations

You do not regenerate when monsters are visible.
You are frail without blood (-20% HP).
You can heal yourself when you bite living creatures.
You are immune to poison.
You have razor-sharp teeth.
You have supernaturally acute eyesight. (SInv)
You are afflicted with vampirism and can become a bat while bloodless.


Message History

You can't see any susceptible monsters within range! (Use Z to cast anyway.)
Casting: Sandblast (safe; 3% risk of failure)
Confirm with . or Enter, or press ? or * to list all spells.
You can't see any susceptible monsters within range! (Use Z to cast anyway.)
A gnoll comes into view. It is wielding a +0 whip.
A gnoll comes into view. It is wielding a +0 flail.
Casting: Sandblast (safe; 3% risk of failure)
Confirm with . or Enter, or press ? or * to list all spells.
Aiming: Sandblast (safe; 3% risk of failure)
Press: ? - help, Shift-Dir - straight line, f - gnoll
Aim: a gnoll, wielding a +0 flail (wandering, hasn't noticed you, 84% to hit)
The blast of sand hits the gnoll.
The gnoll is heavily wounded.
The gnoll shouts! x3
Casting: Sandblast (safe; 3% risk of failure)
Confirm with . or Enter, or press ? or * to list all spells.
Aiming: Sandblast (safe; 3% risk of failure)
Press: ? - help, Shift-Dir - straight line, f/p - gnoll
Aim: a gnoll, wielding a +0 flail (heavily wounded, 84% to hit)
The blast of sand hits the gnoll but does no damage.
The gnoll is heavily wounded.
A gnoll comes into view. It is wielding a +0 spear.
The gnoll hits you with a +0 flail.
Casting: Sandblast (safe; 3% risk of failure)
Confirm with . or Enter, or press ? or * to list all spells.
Aiming: Sandblast (safe; 3% risk of failure)
Press: ? - help, Shift-Dir - straight line, f/p - gnoll
Aim: a gnoll, wielding a +0 flail (heavily wounded, 84% to hit)
The blast of sand hits the gnoll.
The gnoll is almost dead.
The gnoll shouts!
The gnoll closely misses you. The gnoll hits you with a +0 flail.
The gnoll attacks as you move away! The gnoll misses you.
The gnoll attacks as you move away! The gnoll hits you with a +0 flail.
The gnoll attacks as you move away! The gnoll hits you with a +0 flail!
* * * LOW HITPOINT WARNING * * *
The gnoll attacks as you move away! The gnoll barely misses you.
Okay, then.
You feel better. The gnoll hits you with a +0 flail!
You die...

#..#.######...........
#g...........##.#..###
#######...########.##...##
#...........## #..#..##
.............## ##.#..#
.........g....#####....##
........................#
..........gg...............
........∩..@..........####.
...........<..)..........
.....................####
.............#.......#
#.....#>....##.......#
##############.......#
#.......# #########


You could see 4 gnolls.

Vanquished Creatures
  6 adders (D:2)
  2 worms (D:2)
  A dart slug (D:1)
  An orc (D:3)
  3 ball pythons (D:1)
  3 bat zombies (D:3)
  9 endoplasms
  4 giant cockroaches (D:2)
  8 goblins
  5 hobgoblins
  3 jackals (D:2)
  2 kobolds
  A quokka (D:2)
  4 bats
  3 frilled lizards (D:1)
  8 rats
  2 rat zombies (D:3)
65 creatures vanquished.

Notes
Turn   | Place    | Note
-------+----------+-------------------------------------------
     0 | D:1      | ketsa the Vampire Earth Elementalist began the quest for
                  | the Orb.
     0 | D:1      | Reached XP level 1. HP: 13/13 MP: 3/3
   449 | D:1      | Reached XP level 2. HP: 19/19 MP: 3/5
  1383 | D:2      | Gained mutation: You are afflicted with vampirism and can
                  | become a bat while bloodless. [Vampire growth]
  1383 | D:2      | Reached XP level 3. HP: 24/24 MP: 6/6
  1389 | D:2      | Reached skill level 1 in Unarmed Combat
  1528 | D:2      | Learned a level 2 spell: Passwall
  1583 | D:2      | Reached XP level 4. HP: 30/30 MP: 4/8
  2137 | D:3      | Found Voedgh's Armour Boutique.
  2223 | D:3      | Found an ancient bone altar of Kikubaaqudgha.
  2282 | D:3      | Found Kyhuxaja's Jewellery Emporium.
  2313 | D:3      | Found Lilud's General Store.
  2328 | D:3      | HP: 1/24 [gnoll/+0 flail (7)]
  2330 | D:3      | Slain by a gnoll

Illustrated notes

Levels and vault maps discovered:
D:1:      minmay_arrival_shattered_statue, layout_basic, minmay_3d_cube
D:2:      layout_basic
D:3:      layout_rooms, lemuel_zombie_altar_kikubaaqudgha, serial_shops,
          nicolae_shop_hallway_stairs, shop, shop, shop,
          nicolae_shop_tiny_statue_garden

Skill      XL: |  1  2  3  4 |
---------------+-------------+-----
Unarmed Combat | 1 2 |  2.0
Transmutations | 2 |  2.6
Spellcasting   | 3 |  3.0
Dodging        | |  2.1
Stealth        | |  3.0
Earth Magic    | |  3.8

Action                     |  1- 3 |  4- 6 || total
---------------------------+-------+-------++-------
  Melee: Unarmed           |     1 |       ||     1
         Bite              |     1 |       ||     1
  Throw: Stone             |     2 |       ||     2
   Cast: Sandblast         |    46 |    50 ||    96
Ability: Exsanguinate      |       |     1 ||     1
    Use: Scroll            |     1 |       ||     1
         Potion            |       |     1 ||     1
   Stab: Sleeping          |     1 |       ||     1
 Armour: Robe              |     2 |     2 ||     4
  Dodge: Dodged            |     3 |    18 ||    21

Table legend: (Time is in decaauts)
 A = Elapsed time spent in this place.
 B = Non-inter-level travel time spent in this place.
 C = Inter-level travel time spent in this place.
 D = Time resting spent in this place.
 E = Time spent auto-exploring this place.
 F = Levels seen in this place.
 G = Mean time per level.
                   A        B        C        D        E       F      G
               +--------+--------+--------+--------+--------+-----+--------+
         Total |   2378 |   2224 |    154 |    434 |   1162 |   3 |  792.7 |
       Dungeon |   2378 |   2224 |    154 |    434 |   1162 |   3 |  792.7 |
               +--------+--------+--------+--------+--------+-----+--------+

Top non-repeatable levels by time:
     D:1: 1447 daAuts
     D:2: 664 daAuts
     D:3: 266 daAuts
